 Dungeon Crawl Stone Soup version 0.30.1-9-gdf580d7c3d (webtiles) character file.

Game seed: 9162920579011084806

59 Ivernyr the Shield-Bearer (level 4, 37/37 HPs)
             Began as a Formicid Fighter on Oct 4, 2023.
             Got out of the dungeon alive.
             The game lasted 00:03:59 (1654 turns).

Ivernyr the Shield-Bearer (Formicid Fighter)        Turns: 1654, Time: 00:03:59

Health: 37/37      AC:  9    Str: 22    XL:     4   Next: 22%
Magic:  4/4        EV:  8    Int:  8    God:
Gold:   100        SH:  5    Dex: 13    Spells: 3/3 levels left

rFire   . . .        a - +0 flail
rCold   . . .        c - +0 buckler
rNeg    . . .        f - +0 chain mail
rPois   .            (helmet unavailable)
rElec   .            (no cloak)
rCorr   .            (no gloves)
SInv    +            (no boots)
Will    .....        (no amulet) Stlth
                     (no ring)
HPRegen 0.26/turn    (no ring)
MPRegen 0.09/turn

%: no passive effects
@: no status effects
A: permanent stasis, dig shafts and tunnels, antennae 3, four strong arms
a: Dig, Shaft Self


You escaped.
You visited 1 branch of the dungeon, and saw 2 of its levels.

You collected 100 gold pieces.

Inventory:

Hand Weapons
 a - a +0 flail (weapon)
Armour
 c - a +0 buckler (worn)
 f - a +0 chain mail (worn)
Scrolls
 b - 2 scrolls of enchant weapon {unknown}
 g - 2 scrolls of teleportation {unknown}
 h - a scroll of blinking {unknown}
 j - a scroll of butterflies {unknown}
 k - a scroll of noise {unknown}
 l - a scroll of fog {unknown}
Potions
 d - a potion of might
 e - 3 potions of heal wounds {unknown}
 i - a potion of haste {unknown}
 m - a potion of magic {unknown}


   Skills:
 + Level 3.7 Fighting
 * Level 3.0 Maces & Flails
 + Level 3.7 Armour
 + Level 4.6 Shields


You had 3 spell levels left.
You didn't know any spells.
Your spell library was empty.

Dungeon Overview and Level Annotations

Branches:
Dungeon (2/15)

Altars:


Innate Abilities, Weirdness & Mutations

You cannot be hasted, slowed, berserked, paralysed or teleported.
You can dig through walls and to a lower floor.
You have a pair of large antennae on your head. (SInv)
Your four strong arms can wield two-handed weapons with a shield.


Message History

You see here a +0 chain mail.
You see here a +0 chain mail.
You see here a worm corpse.
The goblin shouts!
An adder comes into view.
Found a scroll labelled UNKUFREOXT.
The adder hisses angrily.
An adder is nearby!
An adder comes into view.
The adder hisses angrily.
You hit the adder.
The adder is severely wounded.
The adder barely misses you. You block the adder's attack.
You miss the adder.
The adder is severely wounded.
The adder bites you but does no damage.
You sock the adder!
You kill the adder!
The adder barely misses you. x2
You have reached level 4!
You feel clever.
You closely miss the adder. The adder bites you. The adder barely misses you.
You barely miss the adder. The adder bites you but does no damage.
You barely miss the adder. The adder closely misses you.
The adder bites you but does no damage.
You sock the adder!
You kill the adder!
Your Maces & Flails skill increases to level 3!
(D) Dungeon
Where to? (Enter - D:2, ? - help)
What level of the Dungeon? (default 1, ? - help)
Found a short sword.
You see here a +0 short sword.
There is a stone staircase leading up here.
You climb upwards.
There is a stone staircase leading down here.
You see here a +0 dagger.
There is a staircase leading out of the dungeon here.
Are you sure you want to leave the Dungeon?
This will make you lose the game!
You have escaped!

#.# #...#...#.....#...# ## #.#
#.###.###.###.#.###
###.#####.....#...# #...#
#......##.#####.#.###.#.# ##
#.####....#...'.#...).#.# #.
#.# ######.#######.#########.
#.# #...#...# #.....#...#. #.#
####.###.#.#####.#.#.#.##
#.####....# #@#...#...#...#...
#......##.#######.#.#####.####
#########......##...# #.....
############# ######
#############...#....#.######
#
#.............#####...#.....#
#
#.###########...#...##.####.#
# #.# ##..#...##.# #.# # #.#
#...[.###.# #.#####


There were no monsters in sight!

Vanquished Creatures
  3 adders (D:2)
  A worm (D:2)
  3 endoplasms (D:1)
  4 giant cockroaches
  A hobgoblin (D:2)
  2 quokkas
  3 ball pythons
  6 bats
  3 frilled lizards (D:1)
  A goblin (D:1)
  3 kobolds
  A rat (D:1)
31 creatures vanquished.

Notes
Turn   | Place    | Note
-------+----------+-------------------------------------------
     0 | D:1      | Ivernyr the Formicid Fighter began the quest for the Orb.
     0 | D:1      | Reached XP level 1. HP: 18/18 MP: 1/1
   242 | D:1      | Reached XP level 2. HP: 18/24 MP: 2/2
   915 | D:2      | Found a faded altar of an unknown god.
   982 | D:2      | Reached XP level 3. HP: 22/29 MP: 3/3
  1543 | D:2      | Reached XP level 4. HP: 37/37 MP: 4/4
  1654 | D:$      | Got out of the dungeon alive.

Illustrated notes

Levels and vault maps discovered:
D:1:      elethiomel_arrival_maze, layout_loops_ring
D:2:      layout_basic, serial_co_window_serial, co_window_paths_b,
          co_window_cross_1, co_window_paths_a, co_window_paths_a,
          co_window_paths_b, co_window_broadway_a, co_window_unsneaky_path_d,
          co_window_corner_cb, co_window_of_opportunity_b, co_window_broadway_c,
          co_window_paths_c, co_window_2corner, co_window_sun,
          co_window_4corner_a, glass_columns_a, glass_columns_b,
          glass_columns_b, ebering_ecumenical_altar_petrified

Skill      XL: |  1  2  3  4 |
---------------+-------------+-----
Maces & Flails | 3 |  3.0
Fighting       | |  3.7
Armour         | |  3.7
Shields        | |  4.6

Action                     |  1- 3 |  4- 6 || total
---------------------------+-------+-------++-------
  Melee: Flail             |    88 |     4 ||    92
 Armour: Scale mail        |    24 |       ||    24
         Chain mail        |    45 |     2 ||    47
  Dodge: Dodged            |    43 |     2 ||    45
  Block: Buckler           |    26 |       ||    26
